AoeStats
← Blitzkrieg

Arena

509841494Analyzed
2v2 RM · 2d ago on Sep 28, 2026· 48m 16s· 4 players
Game mode
Random Map
Map size
Medium (4 player)
Population
200
Speed
Normal
Resources
Standard
Victory
Conquest
Starting age
Dark Age
Ending age
Imperial Age
RankedLock teamsTeams togetherTeam positionsShared explorationLock speedFull tech treeHidden civsTurbo modeCheats
Victory
Defeat
🇩🇰 Danes · Denmark
1110
+12
🇩🇰 Cumans · Denmark
996
+17
🇦🇺 Danes · Australia
1139
-19
🇦🇺 Poles · Australia
901
-10
King Gazz
10:31 Feudal Age
14:13 Castle Age
12:57 Double-Bit Axe
12:59 Horse Collar
16:05 Bow Saw
23:56 Loom
26:39 Wheelbarrow
28:54 Loom
38:57 Hand Cart
39:37 Thumb Ring
40:54 Fletching
41:04 Padded Archer Armor
41:47 Bodkin Arrow
43:10 Husbandry
43:20 Bloodlines
44:00 Leather Archer Armor
47:26 Ballistics
CookiemonstaNomNom
11:37 Feudal Age
12:22 Horse Collar
12:30 Double-Bit Axe
15:21 Gold Mining
15:23 Stone Mining
18:11 Castle Age
19:08 Loom
20:54 Stone Shaft Mining
20:32 Bow Saw
20:34 Heavy Plow
23:30 Crossbowman
25:41 Fletching
25:52 Padded Archer Armor
26:02 Thumb Ring
25:34 Light Cavalry
32:06 Wheelbarrow
33:30 Hand Cart
34:47 Bloodlines
34:38 Husbandry
34:55 Bodkin Arrow
35:11 Forging
35:11 Scale Mail Armor
35:27 Leather Archer Armor
36:41 Scale Barding Armor
37:13 Iron Casting
43:38 Imperial Age
41:45 Scale Mail Armor
43:42 Arbalester
44:44 Bracer
Alkaersig
5:44 Loom
11:06 Feudal Age
11:40 Double-Bit Axe
12:05 Horse Collar
14:38 Castle Age
14:44 Forging
14:45 Scale Barding Armor
15:31 Bow Saw
15:36 Scale Mail Armor
16:49 Gambesons
17:33 Chain Mail Armor
19:17 Arson
20:11 Forging
25:18 Wheelbarrow
25:24 Iron Casting
25:02 Squires
26:16 Hand Cart
25:46 Town Watch
29:18 Stone Mining
29:19 Gold Mining
29:30 Heavy Plow
33:22 Stone Shaft Mining
33:23 Gold Shaft Mining
33:30 Fletching
35:13 Bodkin Arrow
36:06 Padded Archer Armor
36:54 Murder Holes
37:20 Ballistics
37:11 Masonry
38:50 Leather Archer Armor
38:25 Hamask
41:52 Imperial Age
41:17 Heated Shot
43:04 Conscription
43:05 Elite Varangian Guard
44:56 Blast Furnace
44:26 Plate Mail Armor
43:57 Bracer
45:16 Chemistry
Blitzkrieg
11:15 Feudal Age
12:35 Scale Mail Armor
25:27 Castle Age
24:10 Double-Bit Axe
24:15 Horse Collar
25:28 Capped Ram
26:22 Pikeman
32:50 Bloodlines
35:47 Steppe Husbandry
36:38 Scale Barding Armor
36:43 Forging
37:28 Bow Saw
37:58 Heavy Plow
40:51 Imperial Age
40:52 Elite Steppe Lancer
42:06 Conscription
42:29 Wheelbarrow
42:16 Chain Barding Armor
42:32 Iron Casting
43:35 Siege Ram
45:28 Halberdier
Connection lost

Rejoining the realm…

Still unreachable

The connection could not be restored.

Session expired

The server has moved on; the page needs a fresh start.